 Dungeon Crawl Stone Soup version 0.29.1-2-gbd0b4ee654 (webtiles) character file.

Game seed: 17458152973381486599

1717 Icepheonix32 the Fighter (level 8, 0/74 HPs)
             Began as a Minotaur Fighter on Oct 26, 2022.
             Was a Believer of Okawaru.
             Slain by a yak (4 damage)
             ... on level 6 of the Dungeon.
             The game lasted 00:05:22 (5020 turns).

Icepheonix32 the Fighter (Minotaur Fighter)         Turns: 5020, Time: 00:05:23

Health: 0/74       AC:  9    Str: 22    XL:     8   Next: 74%
Magic:  8/9        EV: 13    Int:  5    God:    Okawaru [**....]
Gold:   308        SH:  5    Dex: 15    Spells: 7/7 levels left

rFire   + . .      SeeInvis .   A - +3 scythe
rCold   + . .      Faith    .   (shield currently unavailable)
rNeg    . . .      Spirit   .   b - +0 scale mail
rPois   +          Reflect  +   (helmet restricted)
rElec   +          Harm     .   (no cloak)
rCorr   +          Rampage  .   (no gloves)
Will    .....                   (no boots)
Stlth   ++........              q - amulet of reflection
HPRegen 1.02/turn               t - +6 ring of dexterity
MPRegen 0.11/turn               l - ring of poison resistance

@: brilliant, about to teleport, resistant, heroic, flying
A: horns 2, retaliatory headbutt, dopey 1, regeneration 1
a: Renounce Religion, Heroism


You were on level 6 of the Dungeon.
You worshipped Okawaru.
Okawaru was pleased with you.
You visited 1 branch of the dungeon, and saw 6 of its levels.

You collected 308 gold pieces.

Inventory:

Hand Weapons
 a - a +0 war axe
 d - a +1 flail of protection
 A - a +3 scythe (weapon)
 C - a +2 dire flail of holy wrath
Missiles
 y - 2 throwing nets (quivered)
Armour
 b - a +0 scale mail (worn)
 c - a +0 buckler
Jewellery
 f - a ring of magical power
 l - a ring of poison resistance (right hand)
 q - an amulet of reflection (around neck)
 t - a +6 ring of dexterity (left hand)
Wands
 x - a wand of iceblast (7)
 D - a wand of flame (26)
Scrolls
 h - 2 scrolls of blinking {unknown}
 i - 8 scrolls of identify {unknown}
 j - 3 scrolls of vulnerability {unknown}
 k - 3 scrolls of teleportation
 n - 2 scrolls of amnesia {unknown}
 o - 3 scrolls of magic mapping {unknown}
 p - 2 scrolls of enchant armour {unknown}
 r - 2 scrolls of fear {unknown}
 v - a scroll of enchant weapon {unknown}
 w - 2 scrolls of poison {unknown}
 B - a scroll of summoning {unknown}
Potions
 g - 2 potions of flight
 s - a potion of resistance
 u - 2 potions of mutation


   Skills:
 * Level 8.2(13.2) Fighting
 - Level 5.0(11.0) Axes
 + Level 5.0(11.0) Polearms
 + Level 6.2(11.2) Armour
 + Level 2.3(7.3) Dodging
 + Level 0.9(5.9) Stealth
 + Level 5.3(10.3) Shields
 * Level 3.9 Invocations


You had 7 spell levels left.
You didn't know any spells.
Your spell library contained the following spells:

 Spells                   Type           Power      Damage    Failure   Level
 Apportation              Tloc           0%         N/A       75%         1
 Necrotise                Necr           0%         1d4       75%         1
 Ensorcelled Hibernation  Hex/Ice        0%         N/A       86%         2
 Conjure Flame            Conj/Fire      0%         6-21      98%         3
 Ignite Poison            Fire/Tmut/Pois 0%         N/A       98%         3
 Spider Form              Tmut/Pois      0%         N/A       98%         3
 Anguish                  Hex/Necr       0%         N/A       100%        4
 Sticky Flame             Conj/Fire      0%         2d3       100%        4
 Summon Small Mammal      Summ           Unusable   N/A       N/A         1

Dungeon Overview and Level Annotations

Branches:
Dungeon (6/15)             Temple (0/1) D:6

Altars:
Ashenzari
Elyvilon
Fedhas
Hepliaklqana
Makhleb
Okawaru
Qazlal
Sif Muna

Shops:
D:4 (


Innate Abilities, Weirdness & Mutations

You have a pair of horns on your head.
You reflexively headbutt those who attack you in melee.
You are dopey. (Int -2)
Your natural rate of healing is unusually fast.


Message History

Unknown command.
It was a potion of flight.
You feel very buoyant.
You fly up into the air.
The yak gores you!
* * * LOW HITPOINT WARNING * * *
It was a potion of brilliance.
You feel clever all of a sudden. The yak gores you but does no damage.
You gain the combat prowess of a mighty hero.
The yak barely misses you. You furiously retaliate!
You headbutt the yak! You hit the yak. Your headbutt misses the yak.
The yak is severely wounded.
The yak barely misses you.
You barely miss the yak.
The yak is severely wounded.
The yak gores you but does no damage.
You slash the yak!
You kill the yak!
Okawaru accepts your kill.
Your base Polearms skill increases to level 5!
You puncture the yak! You headbutt the yak.
The yak is moderately wounded.
The yak gores you.
* * * LOW HITPOINT WARNING * * *
It was a potion of mutation.
You feel extremely strange.
You feel stupid.
You begin to heal more quickly.
The yak gores you.
* * * LOW HITPOINT WARNING * * *
It was a potion of curing.
You feel better. The yak closely misses you. You furiously retaliate!
You headbutt the yak!
Okay, then.
Okay, then.
As you read the scroll labelled YNAZAA CYANUHO, it crumbles to dust.
You feel strangely unstable.
It was a scroll of teleportation.
You block the yak's attack.
Unknown command.
The yak attacks as you move away! The yak gores you.
* * * LOW HITPOINT WARNING * * *
The yak attacks as you move away! The yak gores you.
You die...

.>..#......... #.#
.....#........ #.#
..##.......... #.#
.####......... #.#
..####..###.## #.#
#..Y.#..# #.# #.#
##....#.###.# #.#
#.....Y#.YY#############.#
#...>..)YYYYY†Y@.........#
##########################


You could see 8 yaks.

Vanquished Creatures
  Grinder (D:6)
  Sigmund (D:5)
  A yak (D:6)
  Edmund (D:6)
  Menkaure (D:6)
  A water moccasin (D:5)
  Duvessa (D:6)
  An ice beast (D:5)
  A gnoll sergeant (D:6)
  Dowan (D:6)
  A jelly (D:4)
  An orc priest (D:5)
  4 hounds
  A gnoll bouda (D:4)
  2 iguanas (D:5)
  2 orc wizards
  6 adders
  8 gnolls
  2 worms
  3 dart slugs
  12 orcs
  13 endoplasms
  9 giant cockroaches
  7 goblins
  8 hobgoblins
  3 jackals (D:1)
  8 kobolds
  3 quokkas (D:2)
  8 ball pythons
  7 bats
  4 frilled lizards
  29 rats
151 creatures vanquished.

Notes
Turn   | Place    | Note
-------+----------+-------------------------------------------
     0 | D:1      | Icepheonix32 the Minotaur Fighter began the quest for the
                  | Orb.
     0 | D:1      | Reached XP level 1. HP: 19/19 MP: 0/0
     1 | D:1      | Found a runed translucent door.
   105 | D:1      | Found a faded altar of an unknown god.
   239 | D:1      | Reached XP level 2. HP: 27/27 MP: 1/1
   368 | D:1      | Reached skill level 4 in Fighting
   694 | D:1      | Reached XP level 3. HP: 25/33 MP: 2/2
  1380 | D:2      | Reached XP level 4. HP: 41/41 MP: 3/3
  1754 | D:3      | Reached XP level 5. HP: 45/47 MP: 4/4
  1816 | D:3      | Reached skill level 5 in Fighting
  2304 | D:4      | Reached skill level 1 in Dodging
  2499 | D:4      | Reached XP level 6. HP: 56/56 MP: 5/5
  2565 | D:4      | Found Luifod's Weapon Emporium.
  2572 | D:4      | Reached skill level 5 in Axes
  3166 | D:5      | Entered Level 5 of the Dungeon
  3267 | D:5      | Found an iron altar of Okawaru.
  3270 | D:5      | Found a stormy altar of Qazlal.
  3271 | D:5      | Found a blossoming altar of Fedhas.
  3275 | D:5      | Found a white marble altar of Elyvilon.
  3280 | D:5      | Became a worshipper of Warmaster Okawaru
  3284 | D:5      | Found a shimmering blue altar of Sif Muna.
  3288 | D:5      | Found a hazy altar of Hepliaklqana.
  3291 | D:5      | Found a broken altar of Ashenzari.
  3292 | D:5      | Found a burning altar of Makhleb.
  3292 | D:5      | Noticed an ice beast
  3299 | D:5      | Killed an ice beast
  3300 | D:5      | Reached skill level 6 in Fighting
  3333 | D:5      | Noticed Sigmund
  3372 | D:5      | Killed Sigmund
  3373 | D:5      | Reached skill level 5 in Armour
  3373 | D:5      | Reached skill level 1 in Invocations
  3373 | D:5      | Reached XP level 7. HP: 54/64 MP: 5/7
  3438 | D:5      | Reached skill level 5 in Shields
  3567 | D:5      | Reached * piety under Okawaru
  3568 | D:5      | Reached skill level 1 in Polearms
  4189 | D:6      | Reached skill level 7 in Fighting
  4194 | D:6      | Noticed Menkaure
  4202 | D:6      | Killed Menkaure
  4286 | D:6      | Noticed Edmund
  4299 | D:6      | Killed Edmund
  4300 | D:6      | Reached XP level 8. HP: 37/73 MP: 9/9
  4491 | D:6      | Noticed Grinder
  4505 | D:6      | Killed Grinder
  4505 | D:6      | Reached ** piety under Okawaru
  4868 | D:6      | Found a staircase to the Ecumenical Temple.
  4873 | D:6      | Noticed Duvessa
  4873 | D:6      | Noticed Dowan
  4890 | D:6      | Killed Duvessa
  4891 | D:6      | Reached skill level 8 in Fighting
  4900 | D:6      | Killed Dowan
  5015 | D:6      | Reached skill level 5 in Polearms
  5015 | D:6      | HP: 2/74 [yak (5)]
  5016 | D:6      | Gained mutation: You are dopey. (Int -2) [potion of
                  | mutation]
  5016 | D:6      | Gained mutation: Your natural rate of healing is unusually
                  | fast. [potion of mutation]
  5020 | D:6      | Slain by a yak

Illustrated notes

Levels and vault maps discovered:
D:1:      dpeg_arrival_caged_fury, layout_basic,
          ebering_ecumenical_altar_abandoned
D:2:      layout_basic, minmay_rat_hole
D:3:      layout_rooms, kennysheep_nondescript
D:4:      minmay_general_purpose_star, layout_loops_corners, serial_shops,
          nicolae_shop_bloodbath_and_beyond, minmay_misc_feat_cross
D:5:      layout_loops_ring, nicolae_overflow_hallway_of_the_gods,
          minmay_misc_feat_chi, hellmonk_bongcloud_opening, minmay_fountain_box,
          minmay_misc_feat_room, lightli_corner_chamber, uniq_sigmund
D:6:      layout_basic, minmay_temple_entry_wispy, uniq_grinder,
          uniq_crazy_yiuf_cottage, uniq_duvessa, uniq_menkaure, uniq_edmund

Skill      XL: |  1  2  3  4  5  6  7  8 |
---------------+-------------------------+-----
Fighting       | 4 5 6 7 8 |  8.2
Shields        | 4 5 |  5.3
Armour         | 4 5 6 |  6.2
Axes           | 3 4 5 |  5.0
Dodging        | 1 2 |  2.3
Invocations    | 1 3 |  3.9
Polearms       | 2 5 |  5.0
Stealth        | |  0.9

Action                   |  1- 3 |  4- 6 |  7- 9 || total
-------------------------+-------+-------+-------++-------
Melee: War axe           |    95 |   113 |       ||   208
       Headbutt          |    13 |    19 |    13 ||    45
       Halberd           |       |       |   100 ||   100
Throw: Throwing net      |       |       |     1 ||     1
Invok: Heroism           |       |       |     1 ||     1
  Use: Potion            |       |     1 |     7 ||     8
       Scroll            |       |       |     1 ||     1
Armor: Scale mail        |    42 |    24 |    39 ||   105
Dodge: Dodged            |    49 |    42 |    43 ||   134
Block: Buckler           |    20 |    47 |       ||    67
       Reflection        |       |     1 |     1 ||     2
       Other             |       |       |    21 ||    21
